 Dungeon Crawl Stone Soup version 0.27.1-34-g3ba077fa99 (webtiles) character file.

Game seed: 325279038037625840

68 cbfl8 the Grasshopper (level 4, -6/33 HPs)
             Began as a Minotaur Wanderer on Jan 18, 2022.
             Mangled by a gnoll (10 damage)
             ... on level 3 of the Dungeon.
             The game lasted 00:02:45 (2643 turns).

cbfl8 the Grasshopper (Minotaur Wanderer)           Turns: 2643, Time: 00:02:46

Health: -6/33      AC:  6    Str: 17    XL:     4   Next: 1%
Magic:  5/5        EV: 11    Int:  9    God:
Gold:   85         SH:  0    Dex: 10    Spells: 5/6 levels left

rFire    . . .     SeeInvis .   m - +0 dagger (drain)
rCold    . . .     Faith    .   (no shield)
rNeg     . . .     Spirit   .   b - +0 robe
rPois    .         Reflect  .   (helmet restricted)
rElec    .         Harm     .   (no cloak)
rCorr    .         Rampage  .   (no gloves)
Will     .....                  (no boots)
Stlth    ++........             (no amulet)
HPRegen  0.11/turn              j - +4 ring of protection
MPRegen  0.09/turn              (no ring)

@: lethally poisoned (-6 -> -12)
A: horns 2, retaliatory headbutt
a: no special abilities


You were on level 3 of the Dungeon.
You visited 1 branch of the dungeon, and saw 3 of its levels.

You collected 85 gold pieces.

Inventory:

Hand Weapons
 a - a +0 club
 e - a +0 dagger
 h - a +0 hand axe
 m - a +0 dagger of draining (weapon)
Armour
 b - a +0 robe (worn)
Jewellery
 j - a +4 ring of protection (left hand)
Scrolls
 c - a scroll of noise {unknown}
 f - a scroll of vulnerability {unknown}
 g - a scroll of teleportation {unknown}
 i - a scroll of identify {unknown}
 k - 3 scrolls of enchant weapon {unknown}
 l - a scroll of silence {unknown}
Potions
 d - a potion of brilliance {unknown}


   Skills:
 + Level 0.3 Fighting
 + Level 0.6 Axes
 + Level 1.0 Throwing
 + Level 0.1 Dodging
 + Level 1.8 Stealth
 + Level 1.8 Spellcasting
 + Level 1.4 Hexes
 + Level 2.7 Translocations
 + Level 1.0 Air Magic


You had 5 spell levels left.
You knew the following spells:

 Your Spells              Type           Power      Damage    Failure   Level
a - Sting                 Tmut/Pois      0%         1d3       34%         1

Your spell library contained the following spells:

 Spells                   Type           Power      Damage    Failure   Level
 Blink                    Tloc           N/A        N/A       16%         2
 Gell's Gravitas          Tloc           2%         N/A       32%         3
 Lesser Beckoning         Tloc           2%         N/A       32%         3
 Teleport Other           Tloc           5%         N/A       32%         3
 Passwall                 Tmut/Erth      0%         N/A       45%         2
 Wereblood                Tmut           0%         N/A       45%         2
 Conjure Flame            Conj/Fire      0%         6-21      71%         3
 Ignite Poison            Fire/Tmut/Pois 0%         N/A       71%         3
 Spider Form              Tmut/Pois      0%         N/A       71%         3
 Manifold Assault         Tloc           5%         N/A       96%         5
 Sticky Flame             Conj/Fire      0%         2d3       98%         4


Dungeon Overview and Level Annotations

Branches:
Dungeon (3/15)

Altars:

Annotations:
D:3 Terence


Innate Abilities, Weirdness & Mutations

You have a pair of horns on your head.
You reflexively headbutt those who attack you in melee.


Message History

Terence shouts!
You hear a shout!
The gnoll hits you with a +0 whip of venom.
You are poisoned.
You hit the gnoll. You headbutt the gnoll!
The gnoll is severely wounded.
You feel very sick. The gnoll hits you but does no damage.
You closely miss the gnoll.
The gnoll is severely wounded.
You feel sick. The gnoll closely misses you.
The gnoll hits you with a +0 whip of venom.
You are more poisoned.
Terence barely misses you.
You barely miss the gnoll.
The gnoll is severely wounded.
You feel very sick.
The gnoll hits you from afar with a +0 halberd!
* * * LOW HITPOINT WARNING * * *
The gnoll barely misses you. You furiously retaliate!
You headbutt the gnoll!
You kill the gnoll!
Terence hits you but does no damage.
You have reached level 4!
You feel stronger.
* * * LOW HITPOINT WARNING * * *
You feel very sick. The gnoll closely misses you. Terence misses you.
Things that are here:
a +0 whip of venom; a throwing net Unknown command.
You hit Terence but do no damage. You drain Terence.
You headbutt Terence, but do no damage.
Terence is moderately wounded.
* * * LOW HITPOINT WARNING * * *
You feel sick. The gnoll barely misses you. Terence closely misses you.
Unknown command.
You barely miss Terence.
Terence is moderately wounded.
* * * LOW HITPOINT WARNING * * *
You feel sick. The gnoll hits you with a +0 halberd!
You die...

.. #. .##. ## ... .#
#.. .# #.. .# #..#.#
#...g##
##.#.#@@.#####.
#......#.......#
#..###.).####..#
#..####†## #..#
........# #..#
#..####.#####..#
......#........#
........#####..#####.
##.........).........


You could see Terence (drained) and a gnoll.

Vanquished Creatures
  2 gnolls (D:3)
  An adder (D:3)
  2 worms (D:2)
  5 endoplasms
  A giant cockroach (D:2)
  3 goblins
  4 hobgoblins (D:1)
  2 jackals (D:1)
  7 kobolds
  A quokka (D:2)
  A frilled lizard (D:3)
  2 rats (D:2)
31 creatures vanquished.

Vanquished Creatures (others)
  3 fungi (D:2)
  6 plants (D:2)
9 creatures vanquished.

Grand Total: 40 creatures vanquished

Notes
Turn   | Place    | Note
-------+----------+-------------------------------------------
     0 | D:1      | cbfl8 the Minotaur Wanderer began the quest for the Orb.
     0 | D:1      | cbfl8 set off with the following items: a +0 club, a +0
                  | robe; and the following spell memorised: Sting; and the
                  | following spells available to memorise: Blink, Gell's
                  | Gravitas, Lesser Beckoning, Teleport Other, Passwall,
                  | Wereblood, Spider Form, Manifold Assault
     0 | D:1      | Reached XP level 1. HP: 14/14 MP: 1/1
   817 | D:1      | Reached XP level 2. HP: 14/20 MP: 3/3
  1623 | D:2      | Found a faded altar of an unknown god.
  2108 | D:2      | Reached XP level 3. HP: 26/26 MP: 4/4
  2635 | D:3      | Noticed Terence
  2641 | D:3      | Reached XP level 4. HP: 10/33 MP: 5/5
  2643 | D:3      | Mangled by a gnoll

Illustrated notes

Levels and vault maps discovered:
D:1:      sevenhm_arrival_forest_fort_small_6, layout_basic
D:2:      layout_loops_ring, shapermc_ecumenical_altar_hornbeckon,
          hangedman_decor_peaks_small, st_stairs_10
D:3:      layout_loops_ring, overflow_temple_1_default, uniq_natasha,
          uniq_terence, uniq_robin

Action                   |  1- 3 |  4- 6 || total
-------------------------+-------+-------++-------
Melee: Club              |    12 |       ||    12
       Dagger            |    24 |     2 ||    26
       Headbutt          |    12 |     1 ||    13
       Hand axe          |    24 |       ||    24
 Stab: Sleeping          |     1 |       ||     1
Armor: Robe              |    16 |       ||    16
Dodge: Dodged            |    41 |     4 ||    45
